Map: Frozen Temple

Players

Gracz

  • Race: Protoss Protoss
  • League: Silver

AMIRALNICOR - Winner!

  • Race: Protoss Protoss
  • League: Silver

VOD

Have the link to the VOD?

Description

Time

  • Played on: Oct. 13, 2016, 2:15 p.m.
  • Length: 17:56
Show
View Real Time Build Order
Export as new Build Order

Gracz Protoss 

Build Orders:  

Get SALT Encoding   

  12  0:01  Probe (Chrono Boost)  
  13  0:15  Pylon  
  13  0:24  Probe (Chrono Boost)  
  14  0:34  Probe (Chrono Boost)  
  15  0:50  Pylon  
  15  0:53  Probe (Chrono Boost)  
  15  0:55  Assimilator  
  17  1:04  Probe (Chrono Boost)  
  17  1:19  Probe (Chrono Boost)  
  18  1:29  Probe (Chrono Boost)  
  18  1:40  Probe (Chrono Boost)  
  18  1:42  Nexus  
  19  1:47  Pylon  
  19  1:50  Probe (Chrono Boost)  
  20  1:55  Gateway  
  20  2:01  Probe (Chrono Boost)  
  20  2:07  Assimilator  
  21  2:12  Probe (Chrono Boost)  
  22  2:19  Gateway  
  22  2:37  Gateway  
  22  2:38  Gateway  
  22  2:45  Probe (Chrono Boost)  
  23  2:51  Pylon  
  23  2:55  Probe (Chrono Boost)  
  23  2:57  Pylon  
  24  3:00  Probe (Chrono Boost)  
  26  3:13  Probe (Chrono Boost), Cybernetics Core  
  26  3:34  Gateway  
  26  3:36  Probe x2 (Chrono Boost)  
  28  3:47  Probe (Chrono Boost)  
  29  3:50  Warp Gate  
  29  3:53  Adept x2  
  29  3:54  Adept  
  29  3:55  Adept  
  37  4:03  Probe (Chrono Boost)  
  37  4:06  Mothership Core (Chrono Boost)  
  40  4:14  Probe (Chrono Boost)  
  41  4:28  Adept  
  41  4:30  Robotics Facility  
  41  4:31  Robotics Facility  
  43  4:46  Probe (Chrono Boost)  
  43  4:47  Probe (Chrono Boost)  
  45  4:56  Probe (Chrono Boost)  
  45  4:59  Probe (Chrono Boost)  
  47  5:34  Stargate x2  
  41  6:38  Probe (Chrono Boost)  
  41  6:39  Probe (Chrono Boost)  
  43  6:44  Robotics Bay  
  43  6:49  Fleet Beacon  
  43  6:51  Probe (Chrono Boost)  
  44  6:54  Stargate  
  44  6:56  Stargate  
  44  7:09  Observer, Nexus  
  44  7:10  Warp Prism  
  44  7:13  Pylon  
  47  7:17  Pylon  
  47  7:19  Robotics Facility  
  47  7:20  Pylon  
  47  7:23  Pylon  
  47  7:26  Pylon  
  47  7:40  Nexus  
  47  7:52  Gateway  
  47  8:05  Assimilator  
  47  8:06  Probe (Chrono Boost)  
  47  8:07  Probe (Chrono Boost)  
  47  8:08  Assimilator  
  47  8:12  Pylon  
  49  8:15  Pylon  
  49  8:16  Probe (Chrono Boost)  
  49  8:17  Pylon  
  49  8:19  Probe (Chrono Boost)  
  51  8:21  Pylon  
  51  8:24  Probe (Chrono Boost)  
  51  8:25  Pylon  
  53  8:27  Probe (Chrono Boost)  
  53  8:28  Pylon  
  53  8:31  Probe (Chrono Boost)  
  54  8:34  Assimilator, Probe (Chrono Boost)  
  54  8:35  Assimilator  
  54  8:37  Probe (Chrono Boost)  
  56  8:43  Probe (Chrono Boost)  
  56  8:44  Assimilator  
  56  8:45  Probe (Chrono Boost)  
  56  8:46  Tempest x3  
  56  8:47  Assimilator  
  59  8:49  Probe (Chrono Boost)  
  72  8:56  Probe (Chrono Boost)  
  72  8:57  Probe (Chrono Boost)  
  72  9:01  Probe (Chrono Boost)  
  74  9:04  Stalker x4  
  74  9:08  Probe (Chrono Boost)  
  74  9:09  Probe (Chrono Boost)  
  84  9:13  Probe (Chrono Boost)  
  84  9:14  Stalker x2  
  89  9:19  Probe (Chrono Boost)  
  89  9:20  Probe (Chrono Boost)  
  89  9:21  Probe (Chrono Boost)  
  93  9:25  Probe (Chrono Boost)  
  93  9:30  Stalker x2, Probe (Chrono Boost)  
  99  9:32  Probe (Chrono Boost)  
  99  9:33  Probe (Chrono Boost)  
  99  9:37  Probe (Chrono Boost)  
  101  9:40  Probe (Chrono Boost)  
  101  9:44  Probe (Chrono Boost)  
  102  9:45  Probe (Chrono Boost)  
  102  9:49  Probe (Chrono Boost)  
  102  9:51  Probe (Chrono Boost)  
  102  9:56  Probe (Chrono Boost)  
  102  9:58  Stalker x2, Probe (Chrono Boost)  
  102  9:59  Stalker x2  
  107  10:01  Probe (Chrono Boost)  
  107  10:02  Probe (Chrono Boost)  
  101  10:08  Probe (Chrono Boost)  
  101  10:10  Probe (Chrono Boost)  
  101  10:13  Probe (Chrono Boost)  
  101  10:14  Stalker x2  
  98  10:34  Stalker  
  98  10:35  Stalker x3  
  102  10:47  Pylon  
  94  10:54  Pylon  
  94  10:56  Pylon  
  82  11:11  Pylon  
  71  11:31  Robotics Facility  
  71  11:33  Robotics Facility  
  71  11:36  Stargate  
  71  11:39  Stargate  
  71  11:42  Fleet Beacon  
  71  11:45  Robotics Bay  
  60  12:29  Observer  
  53  12:41  Robotics Facility  
  53  12:43  Robotics Facility  
  51  13:00  Probe (Chrono Boost)  
  51  13:11  Probe (Chrono Boost)  
  49  13:20  Void Ray  
  49  13:21  Void Ray  
  49  13:28  Void Ray  
  49  13:30  Pylon  
  49  13:33  Pylon  
  49  13:36  Pylon  
  49  13:42  Nexus  
  49  13:43  Pylon  
  49  13:45  Pylon x2  
  49  13:46  Pylon  
  49  13:50  Pylon  
  49  13:52  Pylon  
  49  13:55  Pylon  
  49  13:57  Pylon  
  40  14:40  Zealot  
  40  14:41  Zealot x2  
  40  14:42  Zealot x3  
  39  14:57  Assimilator  
  39  15:00  Assimilator  
  39  15:19  Stalker  
  41  15:26  Pylon  
  41  15:33  Pylon  
  41  15:35  Pylon  
  41  15:37  Pylon  
  32  16:09  Gateway  
  32  16:17  Cybernetics Core  
  32  16:21  Gateway  
  32  16:22  Gateway  
  32  16:24  Gateway  
  32  16:27  Gateway  
  26  16:55  Pylon  
  26  16:57  Pylon  
  26  17:13  Stalker  
  28  17:20  Stalker  
  28  17:21  Stalker x2  
  34  17:36  Stalker  
  34  17:37  Stalker  
  30  17:45  Stalker  
  30  17:46  Stalker x2  
Show
View Real Time Build Order
Export as new Build Order

AMIRALNICOR Protoss - Winner!

Build Orders:  

Get SALT Encoding   

  12  0:02  Probe (Chrono Boost)  
  13  0:14  Probe (Chrono Boost)  
  14  0:25  Probe (Chrono Boost)  
  15  0:32  Pylon  
  16  0:50  Probe (Chrono Boost)  
  16  1:10  Pylon  
  16  1:34  Gateway  
  16  1:40  Forge  
  16  1:45  Assimilator  
  16  2:01  Pylon, Probe (Chrono Boost)  
  17  2:11  Probe (Chrono Boost)  
  18  2:22  Probe (Chrono Boost)  
  19  2:25  Cybernetics Core  
  19  2:36  Probe (Chrono Boost)  
  20  2:38  Zealot  
  22  2:47  Probe (Chrono Boost)  
  23  2:52  Photon Cannon  
  23  3:01  Warp Gate  
  23  3:11  Assimilator  
  23  3:32  Pylon  
  23  3:34  Probe (Chrono Boost)  
  24  3:46  Probe (Chrono Boost)  
  25  3:59  Nexus  
  25  4:02  Photon Cannon  
  25  4:03  Photon Cannon  
  25  4:09  Pylon  
  25  4:12  Probe (Chrono Boost)  
  25  4:14  Sentry  
  29  4:24  Probe (Chrono Boost)  
  29  4:39  Photon Cannon  
  29  4:43  Gateway  
  29  4:45  Gateway  
  29  4:50  Gateway  
  29  4:54  Gateway  
  29  4:56  Gateway  
  25  5:16  Stalker  
  27  5:57  Zealot  
  27  5:59  Stalker x3  
  27  6:00  Stalker  
  33  6:27  Forge  
  33  6:39  Sentry  
  35  6:40  Stalker x2  
  35  6:41  Stalker x2  
  43  6:50  Protoss Ground Weapons Level 1  
  43  6:53  Twilight Council  
  43  6:59  Probe (Chrono Boost)  
  43  7:00  Probe (Chrono Boost)  
  45  7:07  Assimilator  
  45  7:08  Assimilator  
  45  7:11  Probe (Chrono Boost)  
  45  7:12  Probe (Chrono Boost)  
  47  7:17  Charge  
  47  7:18  Sentry  
  49  7:25  Probe (Chrono Boost)  
  50  7:43  Dark Shrine  
  50  7:45  Photon Cannon  
  50  7:49  Probe x2 (Chrono Boost)  
  52  8:01  Probe x2 (Chrono Boost)  
  54  8:12  Zealot  
  56  8:13  Zealot  
  56  8:15  Stalker x2  
  56  8:18  Zealot  
  64  8:30  Pylon  
  64  8:34  Zealot  
  66  8:59  Dark Templar  
  66  9:00  Dark Templar x2  
  66  9:02  Blink  
  70  9:03  Stalker  
  70  9:08  Zealot x2  
  76  9:26  Probe x2 (Chrono Boost)  
  78  9:36  Photon Cannon  
  74  9:49  Zealot x2  
  74  9:51  Stalker x2  
  70  10:00  Stalker x2  
  56  10:42  Stalker  
  56  10:43  Stalker x5  
  58  11:26  Dark Templar x3  
  58  11:27  Dark Templar  
  58  11:28  Dark Templar  
  58  11:30  Zealot  
  70  12:09  Dark Templar x2  
  70  12:10  Dark Templar x2  
  78  12:35  Archon  
  78  12:42  Archon  
  78  13:17  Nexus  
  78  13:59  Pylon  
  78  14:03  Pylon  
  78  14:09  Pylon  
  78  14:11  Pylon  
  70  14:53  Stalker  
  70  14:54  Stalker x3  
  70  14:56  Dark Templar x2  
  82  15:37  Robotics Facility, Dark Templar x2  
  86  16:21  Probe x2 (Chrono Boost)  
  88  16:28  Assimilator  
  88  16:30  Assimilator  
  90  16:33  Probe x2 (Chrono Boost)  
  90  17:04  Dark Templar x2  
  94  17:10  Probe (Chrono Boost)  
  94  17:11  Probe (Chrono Boost)  
  94  17:12  Probe (Chrono Boost)  
  99  17:22  Probe (Chrono Boost)  
  99  17:23  Probe x2 (Chrono Boost)  
  99  17:27  Observer  
  100  17:33  Probe (Chrono Boost)  
  100  17:35  Probe x2 (Chrono Boost)  
Tags
 
Add a new tag
Caveats
  • Supply blocks, unpowered buildings, or Contaminate may cause inaccurate times.
  • Supply counts are checked every 10 seconds.